Map: Jagannatha LE

Players

黑羽快斗 (ButAlways)

  • Race: Protoss Protoss
  • League: Grandmaster
  • Spawn Location: 7:00

Has - Winner!

  • Race: Protoss Protoss
  • Spawn Location: 1:00

Event: DreamHack SC2 Masters 2020 Winter

VOD

Have the link to the VOD?

Description

Time

  • Played on: Oct. 24, 2020, 8:29 a.m.
  • Length: 10:02

All games in this series

Show
View Real Time Build Order
Export as new Build Order

黑羽快斗 Protoss 

Build Orders: Blink Stalkers 

Get SALT Encoding   

  12  0:00  Probe  
  13  0:12  Probe  
  14  0:17  Pylon  
  14  0:24  Probe (Chrono Boost)  
  15  0:37  Probe (Chrono Boost)  
  15  0:39  Gateway  
  16  0:43  Probe (Chrono Boost)  
  16  0:46  Assimilator  
  17  0:51  Probe (Chrono Boost)  
  17  0:55  Assimilator  
  18  1:03  Probe (Chrono Boost)  
  19  1:07  Gateway  
  19  1:12  Probe (Chrono Boost)  
  19  1:18  Probe  
  21  1:26  Cybernetics Core  
  21  1:30  Probe  
  22  1:35  Pylon  
  22  1:42  Probe  
  24  1:54  Probe  
  24  2:02  Stalker, Warp Gate, Sentry  
  24  2:06  Probe  
  29  2:10  Pylon  
  29  2:18  Probe  
  30  2:28  Stalker  
  32  2:32  Stalker  
  34  2:49  Twilight Council  
  34  3:03  Nexus  
  34  3:06  Probe  
  35  3:16  Pylon  
  36  3:23  Blink (Chrono Boost)  
  36  3:25  Shield Battery  
  35  3:27  Pylon  
  35  3:41  Robotics Facility  
  35  3:51  Sentry  
  35  3:55  Stalker  
  39  3:58  Pylon  
  39  4:05  Gateway  
  39  4:09  Shield Battery  
  39  4:16  Stalker  
  40  4:22  Pylon  
  40  4:24  Stalker  
  42  4:32  Immortal  
  46  5:02  Stalker  
  46  5:06  Nexus  
  48  5:11  Observer  
  49  5:23  Stargate  
  49  5:27  Probe  
  50  5:30  Pylon  
  50  5:34  Stalker  
  52  5:39  Probe  
  48  5:51  Probe  
  49  6:03  Probe  
  50  6:05  Observer  
  50  6:11  Phoenix (Chrono Boost)  
  50  6:18  Probe x2 (Chrono Boost)  
  54  6:29  Phoenix  
  54  6:30  Probe (Chrono Boost)  
  58  6:33  Probe (Chrono Boost)  
  58  6:35  Shield Battery  
  59  6:40  Probe  
  59  6:44  Stalker  
  60  6:51  Probe  
  60  6:59  Probe  
  59  7:03  Probe  
  60  7:14  Robotics Bay, Probe (Chrono Boost)  
  61  7:16  Probe (Chrono Boost)  
  62  7:23  Observer  
  62  7:27  Probe (Chrono Boost)  
  62  7:28  Stalker x2, Probe (Chrono Boost)  
  68  7:31  Probe (Chrono Boost)  
  68  7:35  Assimilator  
  68  7:36  Probe  
  70  7:38  Assimilator  
  70  7:42  Probe  
  71  7:47  Warp Prism (Chrono Boost)  
  71  7:48  Probe  
  74  8:01  Gateway  
  74  8:11  Stalker  
  76  8:13  Disruptor (Chrono Boost)  
  79  8:21  Stalker x2  
  83  8:29  Pylon  
  83  8:36  Observer  
  83  8:41  Disruptor (Chrono Boost)  
  86  8:55  Stalker x3, Gateway  
  92  9:02  Stalker  
  94  9:05  Pylon  
  81  9:24  Stalker x3  
  85  9:37  Stalker  
Show
View Real Time Build Order
Export as new Build Order

Has Protoss - Winner!

Build Orders:  

Get SALT Encoding   

  12  0:00  Probe  
  13  0:12  Probe  
  14  0:16  Pylon  
  14  0:24  Probe (Chrono Boost)  
  16  0:36  Probe (Chrono Boost)  
  16  0:37  Gateway  
  16  0:41  Probe (Chrono Boost)  
  16  0:46  Assimilator  
  17  0:52  Probe  
  17  0:54  Assimilator  
  18  1:04  Probe (Chrono Boost)  
  18  1:07  Gateway  
  19  1:16  Probe (Chrono Boost)  
  20  1:22  Probe (Chrono Boost)  
  20  1:24  Cybernetics Core  
  21  1:31  Probe  
  22  1:33  Pylon  
  22  1:43  Probe  
  23  1:55  Probe  
  23  1:59  Stalker  
  23  2:00  Stalker, Warp Gate  
  28  2:07  Probe  
  29  2:09  Pylon  
  29  2:19  Probe  
  30  2:31  Stalker  
  30  2:32  Robotics Facility  
  32  2:37  Stalker  
  35  3:03  Stalker  
  37  3:06  Gateway  
  37  3:07  Stalker  
  38  3:15  Pylon  
  38  3:31  Probe  
  38  3:33  Warp Prism (Chrono Boost)  
  41  3:46  Robotics Bay  
  42  4:01  Stalker x2  
  42  4:02  Stalker  
  47  4:11  Pylon  
  47  4:22  Observer (Chrono Boost)  
  47  4:29  Probe  
  48  4:34  Disruptor (Chrono Boost)  
  51  4:47  Nexus  
  51  4:48  Probe  
  52  5:03  Pylon  
  52  5:07  Gravitic Drive  
  52  5:09  Pylon  
  52  5:14  Probe  
  55  5:26  Probe, Immortal (Chrono Boost)  
  55  5:27  Sentry  
  59  5:38  Probe  
  60  5:50  Probe  
  60  5:55  Shield Battery  
  61  6:00  Probe  
  61  6:02  Probe  
  61  6:04  Immortal  
  67  6:12  Adept x2, Probe (Chrono Boost)  
  73  6:22  Twilight Council, Probe (Chrono Boost)  
  73  6:24  Probe (Chrono Boost)  
  74  6:31  Probe x2 (Chrono Boost)  
  76  6:40  Pylon  
  76  6:41  Probe  
  76  6:44  Probe  
  78  6:54  Probe  
  74  6:56  Probe  
  74  6:57  Blink (Chrono Boost)  
  74  7:00  Adept x2  
  75  7:06  Forge  
  75  7:07  Assimilator, Shield Battery, Probe  
  76  7:15  Assimilator  
  76  7:26  Gateway  
  76  7:27  Probe x2  
  76  7:29  Pylon  
  78  7:32  Pylon  
  78  7:33  Adept x2  
  78  7:34  Stalker  
  80  7:38  Protoss Ground Weapons Level 1 (Chrono Boost)  
  80  7:51  Observer  
  81  7:54  Stalker  
  81  7:55  Stalker  
  85  7:59  Pylon  
  85  8:09  Nexus  
  84  8:22  Stalker x3  
  90  8:28  Nexus  
  90  8:32  Observer  
  90  8:37  Stalker  
  90  8:39  Gateway  
  92  8:41  Gateway  
  92  8:50  Stalker x3  
  98  9:01  Stalker  
  98  9:22  Stalker x3  
  98  9:29  Stalker  
  96  9:37  Stalker x2  
  90  9:39  Probe  
  90  9:44  Stalker  
  90  9:45  Stalker x2  
Tags
 
Add a new tag
Caveats
  • Supply blocks, unpowered buildings, or Contaminate may cause inaccurate times.
  • Supply counts are checked every 10 seconds.